AoeStats
← Fireworks

Lombardia

508477658Analyzed
4v4 RM · 11d ago on Sep 22, 2026· 43m 4s· 8 players
Game mode
Random Map
Map size
Large (8 player)
Population
200
Speed
Normal
Resources
Standard
Victory
Conquest
Starting age
Dark Age
Ending age
Imperial Age
RankedLock teamsTeams togetherTeam positionsShared explorationLock speedFull tech treeHidden civsTurbo modeCheats
Victory
Defeat
🇨🇳 Persians · China
1532
+11
🇨🇳 Spanish · China
1492
+13
🇨🇳 Wei · China
1440
+15
🇭🇰 Varangians · Hong Kong SAR China
1415
+16
🇨🇳 Saxons · China
1504
-17
🇨🇳 Varangians · China
1484
-16
🇨🇳 Magyars · China
1373
-12
🇨🇳 Mongols · China
1319
-10
860
10:14 Loom
12:41 Feudal Age
13:54 Double-Bit Axe
16:35 Castle Age
14:23 Horse Collar
16:17 Fletching
17:49 Bow Saw
19:07 Bodkin Arrow
22:08 Padded Archer Armor
23:17 Ballistics
27:40 Husbandry
27:50 Bloodlines
29:23 Wheelbarrow
33:52 Imperial Age
32:34 Heavy Plow
33:03 Gold Mining
34:39 Leather Archer Armor
35:36 Gold Shaft Mining
35:20 Hand Cart
36:11 Chemistry
36:24 Conscription
36:31 Bracer
37:08 Elite Mangudai
39:01 Forging
38:57 Scale Barding Armor
38:52 Murder Holes
39:26 Parthian Tactics
39:09 Thumb Ring
39:42 Light Cavalry
42:11 Hussar
喜足天
10:44 Feudal Age
9:34 Loom
11:24 Double-Bit Axe
14:04 Horse Collar
15:41 Wheelbarrow
15:49 Bloodlines
20:49 Castle Age
18:50 Gold Mining
18:51 Fletching
19:46 Padded Archer Armor
22:05 Bodkin Arrow
22:41 Thumb Ring
22:53 Leather Archer Armor
26:35 Hand Cart
26:32 Bow Saw
27:49 Husbandry
29:26 Ballistics
29:49 Gold Shaft Mining
39:10 Imperial Age
37:47 Town Watch
38:15 Masonry
39:16 Cranequins
39:45 Heavy Mounted Crossbowman
39:56 Heavy Mounted Crossbowman
40:48 Bracer
41:26 Town Patrol
42:45 Ring Archer Armor
43:20 Chemistry
42:51 Architecture
43:13 Guilds
老狐狸
7:12 Loom
9:59 Feudal Age
11:56 Double-Bit Axe
11:52 Horse Collar
19:08 Wheelbarrow
22:24 Castle Age
21:15 Bloodlines
28:49 Husbandry
28:58 Scale Barding Armor
36:53 Imperial Age
34:34 Fletching
34:45 Padded Archer Armor
35:13 Gold Mining
35:13 Stone Mining
35:36 Bow Saw
35:58 Heavy Plow
35:57 Bodkin Arrow
36:17 Leather Archer Armor
38:27 Conscription
38:13 Heavy Cavalry Archer
39:21 Parthian Tactics
39:03 Thumb Ring
40:00 Chemistry
40:35 Bracer
41:07 Ring Archer Armor
40:23 Elite Skirmisher
Fireworks
8:41 Feudal Age
9:19 Loom
9:34 Double-Bit Axe
10:20 Horse Collar
16:52 Forging
18:01 Wheelbarrow
21:02 Castle Age
19:27 Gold Mining
19:50 Bloodlines
20:46 Scale Barding Armor
23:57 Bow Saw
26:26 Husbandry
27:26 Hand Cart
34:54 Imperial Age
33:24 Chain Barding Armor
33:29 Heavy Plow
33:20 Stone Mining
33:19 Vendel Legacy
34:44 Iron Casting
36:46 Plate Barding Armor
35:39 Elite Jarl
37:55 Blast Furnace
37:26 Gothikon
捣~ ~ ~蛋
8:05 Loom
10:26 Feudal Age
15:26 Castle Age
13:50 Double-Bit Axe
14:02 Horse Collar
16:03 Scale Barding Armor
24:04 Bow Saw
25:42 Wheelbarrow
27:05 Heavy Plow
28:05 Hand Cart
29:08 Chain Barding Armor
32:47 Imperial Age
31:29 Forging
31:51 Gold Mining
32:26 Husbandry
32:36 Bloodlines
33:03 Iron Casting
33:26 Gold Shaft Mining
32:25 Cavalier
33:41 Plate Barding Armor
35:25 Two-Man Saw
34:06 Savar
35:29 Caravan
36:55 Blast Furnace
37:51 Heavy Camel Rider
37:54 Light Cavalry
38:41 Town Watch
41:01 Crop Rotation
40:13 Hussar
小生怕怕
9:45 Loom
12:15 Feudal Age
15:45 Castle Age
14:10 Double-Bit Axe
16:59 Padded Archer Armor
18:54 Horse Collar
19:23 Town Watch
20:13 Leather Archer Armor
28:29 Bloodlines
28:36 Husbandry
31:37 Gold Mining
32:50 Wheelbarrow
35:00 Devotion
34:57 Herbal Medicine
35:54 Heavy Plow
39:45 Imperial Age
38:03 Bow Saw
38:13 Stone Mining
39:20 Hand Cart
40:13 Fortified Wall
40:14 Masonry
40:56 Conscription
39:57 Elite Conquistador
41:12 Ring Archer Armor
40:32 Fletching
42:10 Caravan
小刀
6:40 Loom
9:23 Feudal Age
10:14 Double-Bit Axe
13:56 Horse Collar
18:56 Gold Mining
18:58 Stone Mining
22:19 Castle Age
24:45 Bloodlines
24:35 Husbandry
25:53 Wheelbarrow
25:05 Town Watch
25:48 Bow Saw
25:50 Heavy Plow
25:50 Fletching
26:42 Gold Shaft Mining
26:50 Stone Shaft Mining
28:32 Bodkin Arrow
28:38 Padded Archer Armor
30:30 Ballistics
34:11 Imperial Age
33:42 Thumb Ring
34:25 Leather Archer Armor
34:55 Bracer
36:28 Chemistry
35:08 Treadmill Crane
36:03 Parthian Tactics
37:40 Ring Archer Armor
37:33 Conscription
38:12 Hand Cart
39:13 Ming Guang Armor
40:51 Scale Barding Armor
40:48 Scale Mail Armor
41:05 Pikeman
41:45 Squires
41:31 Arson
41:58 Forging
42:09 Chain Barding Armor
42:25 Halberdier
43:42 Iron Casting
43:23 Chain Mail Armor
明月清风
9:31 Loom
11:17 Feudal Age
15:42 Castle Age
13:32 Double-Bit Axe
13:56 Horse Collar
17:04 Bow Saw
17:07 Heavy Plow
23:08 Wheelbarrow
23:59 Stone Mining
25:31 Gold Mining
30:44 Imperial Age
28:25 Husbandry
28:36 Bloodlines
28:54 Scale Barding Armor
29:00 Forging
30:26 Chain Barding Armor
31:47 Iron Casting
31:41 Hand Cart
30:53 Elite Jarl
31:55 Conscription
32:51 Stone Shaft Mining
32:47 Crop Rotation
33:18 Two-Man Saw
33:24 Plate Barding Armor
33:51 Blast Furnace
34:18 Ballistics
34:15 Masonry
36:33 Caravan
36:45 Guilds
38:30 Town Watch
39:16 Architecture
39:48 Chemistry
38:54 Siege Engineers
40:52 Coinage
Connection lost

Rejoining the realm…

Still unreachable

The connection could not be restored.

Session expired

The server has moved on; the page needs a fresh start.